 Dungeon Crawl Stone Soup version 0.28-a0-1506-g3893175d92 (webtiles) character file.

Game seed: 15576152426084545016

25 HallandMoats the Skirmisher (level 3, 31/31 HPs)
             Began as a Ghoul Fighter on Jan 14, 2022.
             Was a Follower of Nemelex Xobeh.
             Safely got out of the dungeon.
             The game lasted 00:01:18 (906 turns).

HallandMoats the Skirmisher (Ghoul Fighter)          Turns: 906, Time: 00:01:18

Health: 31/31      AC: 11    Str: 19    XL:     3   Next: 6%
Magic:  2/2        EV:  5    Int:  5    God:    Nemelex Xobeh [*.....]
Gold:   57         SH:  4    Dex:  8    Spells: 2/2 levels left

rFire   . . .      SeeInvis .   a - +0 long sword
rCold   + . .      Faith    .   c - +0 buckler
rNeg    + + +      Spirit   .   i - +0 plate armour
rPois   ∞          Reflect  .   (no helmet)
rElec   .          Harm     .   (no cloak)
rCorr   .          Rampage  .   (no gloves)
Will    .....                   (no boots)
Stlth   ..........              (no amulet)
HPRegen 0.10/turn               (no ring)
MPRegen 0.08/turn               (no ring)

@: no status effects
A: claws 1, cold resistance 1, negative energy resistance 3, inhibited
regeneration, torment resistance 2
a: Renounce Religion, Draw Escape, Draw Destruction, Draw Summoning


You escaped.
You worshipped Nemelex Xobeh.
Nemelex Xobeh was aware of your devotion.
You visited 1 branch of the dungeon, and saw 1 of its levels.

You collected 57 gold pieces.

Inventory:

Hand Weapons
 a - a +0 long sword (weapon)
Missiles
 e - 3 silver javelins (quivered)
 g - a throwing net
Armour
 b - a +0 scale mail
 c - a +0 buckler (worn)
 i - a +0 plate armour (worn)
Scrolls
 f - a scroll of fear {unknown}
 h - a scroll of vulnerability {unknown}
Potions
 d - a potion of might


   Skills:
 + Level 3.4 Fighting
 + Level 2.1 Long Blades
 + Level 2.8 Armour
 + Level 0.6 Dodging
 * Level 3.1 Shields


You had 2 spell levels left.
You didn't know any spells.
Your spell library was empty.

Dungeon Overview and Level Annotations

Branches:
Dungeon (1/15)

Altars:
Nemelex Xobeh


Innate Abilities, Weirdness & Mutations

You thrive by killing the living.
You are immune to poison.
You have sharp fingernails.
Your flesh is cold resistant. (rC+)
You are immune to negative energy. (rN+++)
You do not regenerate when monsters are visible.
You are immune to unholy pain and torment.


Message History

You barely miss the ball python.
The ball python bites you but does no damage.
The ball python constricts you.
The ball python bites you but does no damage.
The ball python constricts you.
A ball python is nearby!
You slash the ball python!
You kill the ball python!
No target in view!
No target in view!
Found a robe.
Found a faded altar of an unknown god.
No target in view!
You see here a +0 robe.
There is a faded altar of an unknown god here.
A frilled lizard comes into view.
The frilled lizard hisses angrily.
A frilled lizard is nearby!
The frilled lizard bites you but does no damage.
A frilled lizard is nearby!
You barely miss the frilled lizard.
The frilled lizard bites you but does no damage. x2
You closely miss the frilled lizard.
The frilled lizard bites you but does no damage.
You closely miss the frilled lizard. You block the frilled lizard's attack.
You hit the frilled lizard.
You kill the frilled lizard!
No target in view!
No target in view!
Search for what [? for help]? altar
There is a faded altar of an unknown god here.
There is a faded altar of an unknown god here.
You cannot tell which god this altar belongs to.
Convert to them anyway?
Nemelex Xobeh accepts your prayer! Nemelex Xobeh welcomes you!
You can now draw from decks of power.
Nemelex will now gift you decks of power as you gain piety.
There is an open door here.
There is a staircase leading out of the dungeon here.
Are you sure you want to leave the Dungeon?
This will make you lose the game!
You have escaped!

#........).###.##...†..##
###.######## #.##.#.#.(..
#.# ####..(.#.#. #####
#.# ####...#.
#...#######.# ### #.#)..
#.....)....)# ##.# ###
#)..## #...#########
#.####.# ###... ##....#
#####.##.## #.... ..###.#
#@####.##.## ####. #.#
#.# ##.##.####.# #####
#.# #†# ##.##.####.##
#.... #†###.#######
#.##.####.## #....
#.#.........# ##.##.##.##
#.### #.#.#.#####.##
##.##.##.## #
#.#.#.).>....#
##.##.##.##
#.#.#.......##
##.####.##.## ###
#.#.#.#####.#
##.####.####.# #..


There were no monsters in sight!

Vanquished Creatures
  3 endoplasms (D:1)
  A giant cockroach (D:1)
  4 goblins (D:1)
  3 hobgoblins (D:1)
  A quokka (D:1)
  4 ball pythons (D:1)
  3 bats (D:1)
  3 frilled lizards (D:1)
  2 rats (D:1)
24 creatures vanquished.

Notes
Turn   | Place    | Note
-------+----------+-------------------------------------------
     0 | D:1      | HallandMoats the Ghoul Fighter began the quest for the Orb.
     0 | D:1      | Reached XP level 1. HP: 19/19 MP: 0/0
   416 | D:1      | Reached XP level 2. HP: 26/26 MP: 1/1
   689 | D:1      | Reached XP level 3. HP: 28/31 MP: 2/2
   767 | D:1      | Found a faded altar of an unknown god.
   848 | D:1      | Prayed at the altar of an unknown god.
   848 | D:1      | Became a worshipper of Nemelex Xobeh the Trickster
   848 | D:1      | Reached * piety under Nemelex Xobeh
   906 | D:$      | Safely got out of the dungeon.

Illustrated notes

Levels and vault maps discovered:
D:1:      nagdon_arrival_zigzag_paths, layout_loops_ring,
          basic_ecumenical_altar, due_unseen_surprise

Skill      XL: |  1  2 |
---------------+-------+-----
Shields        | 3 |  3.1
Long Blades    | 2 |  2.1
Fighting       | |  3.4
Armour         | |  2.8
Dodging        | |  0.6

Action                   || total
-------------------------++-------
Melee: Long sword        ||    81
Armor: Scale mail        ||    29
       Plate armour      ||     7
Dodge: Dodged            ||    35
Block: Buckler           ||    12

Table legend: (Time is in decaauts)
 A = Elapsed time spent in this place.
 B = Non-inter-level travel time spent in this place.
 C = Inter-level travel time spent in this place.
 D = Time resting spent in this place.
 E = Time spent auto-exploring this place.
 F = Levels seen in this place.
 G = Mean time per level.
                   A        B        C        D        E       F      G
               +--------+--------+--------+--------+--------+-----+--------+
         Total |    934 |    851 |     83 |    191 |    446 |   1 |  934.0 |
       Dungeon |    934 |    851 |     83 |    191 |    446 |   1 |  934.0 |
               +--------+--------+--------+--------+--------+-----+--------+

Top non-repeatable levels by time:
     D:1: 934 daAuts
